 Dungeon Crawl Stone Soup version 0.31-a0-1009-g454b1f1e0a (webtiles) character file.

Game seed: 1101158908435307856

106111 Dirtsage the Severer (level 15, -3/184 HPs)
             Began as a Demonspawn Berserker on Nov 14, 2023.
             Was the Champion of Trog.
             Slain by a redback simulacrum (5 damage)
             ... on level 1 of the Spider Nest.
             The game lasted 01:05:37 (23163 turns).

Dirtsage the Severer (Demonspawn Berserker)        Turns: 23163, Time: 01:05:37

Health: -3/184     AC:  1    Str: 26    XL:     15   Next: 96%
Magic:  15/15      EV: 11    Int:  8    God:    Trog [******]
Gold:   2021       SH: 21    Dex: 14    Spells: 14/14 levels left

rFire   . . .        L - +7 broad axe (flame)
rCold   + + +        M - +0 tower shield
rNeg    . . .        V - +0 ice dragon scales
rPois   +            (helmet unavailable)
rElec   .            v - scarf {rC+ rF+}
rCorr   .            (no gloves)
SInv    +            y - +0 pair of boots
Will    +....        f - amulet of the acrobat Stlth
                     P - ring of poison resistance
HPRegen 10.50/turn   z - +4 ring of protection
MPRegen 0.14/turn

%: acrobat
@: berserking, corroded, slowed
A: antennae 3, thin skeletal structure 1, icemail 1, powered by death 3,
condensation shield
a: Renounce Religion, Berserk, Trog's Hand, Brothers in Arms


You were on level 1 of the Spider Nest.
You worshipped Trog.
Trog was exalted by your worship.
You visited 5 branches of the dungeon, and saw 22 of its levels.
You also visited: Ossuary and Ice Cave.

You collected 2808 gold pieces.
You spent 787 gold pieces at shops.

Inventory:

Hand Weapons
 L - a +7 broad axe of flaming (weapon)
 N - a +4 antimagic broad axe
Missiles
 A - a throwing net
 O - 7 curare-tipped darts
Armour
 u - a +0 kite shield
 v - a scarf of resistance (worn)
 y - a +0 pair of boots (worn)
 M - a +0 tower shield (worn)
 V - +0 ice dragon scales (worn)
Jewellery
 c - an amulet of faith
 f - an amulet of the acrobat (around neck)
 z - a +4 ring of protection (right hand)
 C - a ring of resist corrosion
 K - a ring of fire
 P - a ring of poison resistance (left hand)
 W - a ring of flight
Wands
 D - a wand of digging (3)
 G - a wand of mindburst (18)
 J - a wand of iceblast (34)
 Q - a wand of quicksilver (3)
 S - a wand of charming (5)
 U - a wand of flame (17)
Scrolls
 a - 2 scrolls of revelation
 g - a scroll of fear
 i - 2 scrolls of identify
 j - 4 scrolls of poison
 o - 2 scrolls of vulnerability
 p - 3 scrolls of noise
 r - a scroll of enchant armour
 t - 13 scrolls of teleportation
 B - 2 scrolls of blinking
 E - a scroll of butterflies
 H - 2 scrolls of immolation
 I - a scroll of brand weapon
 T - 2 scrolls of fog
Potions
 b - 2 potions of ambrosia
 d - 3 potions of might
 e - a potion of magic
 h - 2 potions of haste
 k - 2 potions of attraction
 l - 5 potions of heal wounds
 m - 2 potions of berserk rage
 n - 2 potions of resistance
 q - 6 potions of curing
 s - 8 potions of enlightenment
 x - a potion of cancellation
 F - 2 potions of brilliance
 R - 2 potions of mutation
 X - 3 potions of invisibility
 Z - 2 potions of lignification
Miscellaneous
 w - a box of beasts


   Skills:
 + Level 13.1 Fighting
 - Level 18.0 Axes
 + Level 7.3 Armour
 + Level 7.2 Dodging
 + Level 11.6 Shields
 + Level 6.9 Evocations


You had 14 spell levels left.
You didn't know any spells.
Your spell library contained the following spells:

 Spells                   Type           Power      Damage    Failure   Level
 Magic Dart               Conj           0%         1d3       97%         1
 Necrotise                Necr           0%         1d4       97%         1
 Blink                    Tloc           0%         N/A       99%         2
 Call Imp                 Summ           0%         N/A       99%         2
 Cigotuvi's Dreadful Rot  Necr/Pois/Air  0%         N/A       99%         2
 Ensorcelled Hibernation  Hex/Ice        0%         N/A       99%         2
 Jinxbite                 Hex            0%         N/A       99%         2
 Poisonous Vapours        Pois/Air       0%         N/A       99%         2
 Scorch                   Fire           0%         2d5       99%         2
 Static Discharge         Conj/Air       0%         3-3/arc   99%         2
 Wereblood                Tmut           0%         N/A       99%         2
 Inner Flame              Hex/Fire       0%         N/A       100%        3
 Mephitic Cloud           Conj/Pois/Air  0%         N/A       100%        3
 Tukima's Dance           Hex            0%         N/A       100%        3
 Vampiric Draining        Necr           0%         2d6       100%        3
 Airstrike                Air            0%         2d(0-16)  100%        4
 Anguish                  Hex/Necr       0%         N/A       100%        4
 Dispel Undead            Necr           0%         3d6       100%        4
 Flame Wave               Conj/Fire      0%         2d4       100%        4
 Manifold Assault         Tloc           0%         N/A       100%        4
 Passage of Golubria      Tloc           0%         N/A       100%        4
 Sticky Flame             Conj/Fire      0%         2d3       100%        4
 Summon Lightning Spire   Summ/Air       0%         N/A       100%        4
 Agony                    Necr           0%         N/A       100%        5
 Freezing Cloud           Conj/Ice/Air   0%         6-21      100%        5
 Irradiate                Conj/Tmut      0%         3d11      100%        5
 Yara's Violent Unravell  Hex/Tmut       0%         3d3       100%        5
 Death Channel            Necr           0%         N/A       100%        6
 Summon Cactus Giant      Summ           0%         N/A       100%        6


Dungeon Overview and Level Annotations

Branches:
Dungeon (13/15)            Temple (1/1) D:6            Lair (5/5) D:9
  Swamp (0/4) Lair:2       Spider (1/4) Lair:2        Slime (0/5) Lair:4
    Orc (2/2) D:12            Elf (0/3) Orc:2        Vaults (0/5) D:13
Ossuary (visited)           IceCv (visited)

Altars:
Ashenzari
Cheibriados
Dithmenos
Fedhas
Gozag
Hepliaklqana
Kikubaaqudgha
Makhleb
Nemelex Xobeh
Okawaru
Qazlal
Ru
Sif Muna
Trog
Uskayaw
Vehumet
Wu Jian
Xom
Yredelemnul
Jiyva

Shops:
D:12 !   Orc:1 *   Orc:2 ?*![

Portals:
Trove: D:13 (give 7 scrolls of fear)

Annotations:
D:1 diff-passw
D:13 trove 7 fear


Innate Abilities, Weirdness & Mutations

You have a pair of large antennae on your head. (SInv)
You have a somewhat thin skeletal structure. (Dex +2, Stealth+)
A meltable icy envelope protects you from harm. (AC +4)
You regenerate a lot of health from kills.
A meltable shield of frost defends you. (SH +4)


Message History

The wolf spider bites you.
* * * LOW HITPOINT WARNING * * *
The redback simulacrum bites you!
* * * LOW HITPOINT WARNING * * *
The redback simulacrum freezes you. You resist.
* * * LOW HITPOINT WARNING * * *
You take 49 damage, and have 10/184 hp.
MASSIVE DAMAGE!!
You are too berserk!
You slice the wolf spider!! You burn the wolf spider.
The wolf spider is severely wounded.
You slash the wolf spider simulacrum!
You melt the wolf spider simulacrum.
The wolf spider simulacrum vaporises!
You barely miss the redback simulacrum. You hit the redback but do no damage.
You slash the wolf spider! You burn the wolf spider.
You closely miss the entropy weaver. The redback misses you.
The wolf spider closely misses you. You block the wolf spider's attack.
The entropy weaver misses you. The entropy weaver hits you.
* * * LOW HITPOINT WARNING * * *
You block the entropy weaver's attack. The entropy weaver barely misses you.
You block the wolf spider's attack. The wolf spider bites you.
* * * LOW HITPOINT WARNING * * *
The redback simulacrum barely misses you.
You block the wolf spider's attack. The wolf spider misses you.
The redback barely misses you.
You regained 4 hp, and now have 14/184 hp.
You closely miss the entropy weaver.
The entropy weaver is severely wounded.
You slash the redback! You burn the redback.
You hit the wolf spider but do no damage.
You hit the redback simulacrum but do no damage.
You barely miss the wolf spider. You slash the redback simulacrum!
You melt the redback simulacrum.
The entropy weaver hits you!
* * * LOW HITPOINT WARNING * * *
You block the entropy weaver's attack.
The entropy weaver hits you but does no damage.
You block the entropy weaver's attack. The wolf spider misses you.
The wolf spider bites you!
* * * LOW HITPOINT WARNING * * *
The redback simulacrum bites you.
You die...

#...........#
##....#.#..
#...........##
##........
###.#.#......# #....#...
##.........# ###).....
#^......#### ##.......
##.........## #...^....
#...##......##^..##.....
##....sZ.....#.)........
##...s@○...........#†..
#.....BsZ#.)..#......^..
..............#.........
..#...#....$..#...#.....
. #.....#w....#....###..
.........#......^. ##.
..#.......###.. #. #
?....#..... ..


You could see an entropy weaver (soul bound), a torpor snail, 2 wolf spiders, a
redback (soul bound) and 2 redback simulacra.

Vanquished Creatures
  Rupert (Lair:4)
  Frances (D:13)
  A white draconian (IceCv)
  Snorg (D:13)
  Fannar (D:12)
  A vault guard (D:13)
  An entropy weaver (Spider:1)
  Erolcha (Orc:1)
  7 catoblepae
  6 centaur warriors
  8 hydras
  A radroach (Spider:1)
  2 ice dragons
  5 death yaks
  4 boulder beetles
  Erica (D:10)
  5 two-headed ogres
  Urug (Lair:2)
  2 demonic crawlers (Spider:1)
  An orc high priest (Orc:1)
  Sonja (D:11)
  Amaemon (Lair:3)
  4 skysharks
  A skeletal warrior (D:13)
  A pharaoh ant (Spider:1)
  A deep elf pyromancer (D:9)
  A steelbarb worm (Spider:1)
  3 lindwurms
  2 orc knights
  An oklob plant (Lair:2)
  2 orc sorcerers
  3 cyclopes
  5 wolf spiders (Spider:1)
  3 manticores
  4 black mambas
  35 elephants
  2 ice statues (IceCv)
  11 cane toads
  2 gargoyles
  2 torpor snails (Lair:2)
  4 centaur skeletons (D:13)
  An orange demon (Lair:3)
  7 rime drakes
  7 kobold demonologists
  7 komodo dragons
  A tengu conjurer (D:12)
  7 trolls
  6 polar bears
  4 tarantellas (Spider:1)
  Prince Ribbit (Lair:3)
  3 meliai (D:13)
  10 blink frogs
  3 tyrant leeches (Lair:2)
  2 hornets
  5 jumping spiders
  4 slime creatures (D:12)
  67 yaks
  A culicivora (Spider:1)
  3 wraiths
  3 shadows
  A vampire (D:10)
  2 wyverns
  A steam dragon (Lair:3)
  6 basilisks
  9 redbacks
  8 vampire mosquitoes
  2 wargs (Orc:1)
  A swamp worm (Lair:2)
  13 water moccasins
  24 orc warriors
  An ice beast (D:6)
  4 black bears
  13 wolves
  A boggart (D:13)
  4 ogres
  25 centaurs
  10 kobold brigands
  11 bullfrogs
  4 scorpions
  A water moccasin zombie (Ossuary)
  5 wights (D:8)
  3 lindwurm simulacra (IceCv)
  3 killer bees (D:8)
  A vampire bat (D:3)
  9 howler monkeys
  9 komodo dragon simulacra (IceCv)
  9 hounds
  3 jellies
  2 gnoll boudas
  11 orc priests
  11 iguanas
  15 orc wizards
  7 hell rats (Lair:3)
  2 mummies (Ossuary)
  16 gnolls
  4 acid dragon simulacra (IceCv)
  14 adders
  3 shadow imps
  A white imp (D:6)
  5 steam dragon simulacra (IceCv)
  5 ufetubi
  5 adder zombies (Ossuary)
  2 worms
  3 dart slugs
  49 orcs
  5 bats
  4 bat skeletons (D:3)
  A bat zombie (D:3)
  9 endoplasms
  4 giant cockroaches
  2 gnoll zombies (Ossuary)
  6 goblins
  4 hobgoblins
  7 jackals
  4 quokkas
  8 ball pythons
  4 frilled lizards
  5 hobgoblin zombies (Ossuary)
  33 kobolds
  6 kobold zombies (Ossuary)
  4 orc zombies (Ossuary)
  5 rats
  A rat zombie (D:4)
732 creatures vanquished.

Vanquished Creatures (collateral kills)
  Louise (Spider:1)
  A jumping spider (Spider:1)
  A wyvern (Lair:4)
  A redback (Spider:1)
  A killer bee (D:5)
5 creatures vanquished.

Vanquished Creatures (others)
  An orc warrior (Orc:2)
  2 orcs (Orc:2)
3 creatures vanquished.

Grand Total: 740 creatures vanquished

Notes
Turn   | Place    | Note
-------+----------+-------------------------------------------
     0 | D:1      | Dirtsage the Demonspawn Berserker began the quest for the
                  | Orb.
     0 | D:1      | Reached XP level 1. HP: 18/18 MP: 1/1
   171 | D:1      | Reached skill level 3 in Axes
   317 | D:1      | Gained mutation: A meltable shield of frost defends you.
                  | (SH +4) [demonic ancestry]
   317 | D:1      | Reached XP level 2. HP: 18/24 MP: 2/2
   581 | D:1      | Reached XP level 3. HP: 29/29 MP: 3/3
   860 | D:1      | Reached skill level 4 in Axes
  1145 | D:2      | Reached ** piety under Trog
  1462 | D:2      | Gained mutation: You have a pair of small antennae on your
                  | head. [demonic ancestry]
  1462 | D:2      | Reached XP level 4. HP: 28/35 MP: 4/4
  2219 | D:3      | Found an ancient bone altar of Kikubaaqudgha.
  2223 | D:3      | Reached skill level 5 in Axes
  2227 | D:3      | Gained mutation: You regenerate a little health from kills.
                  | [demonic ancestry]
  2227 | D:3      | Reached XP level 5. HP: 38/41 MP: 5/5
  2344 | D:3      | Found an iron altar of Okawaru.
  2344 | D:3      | Found a stormy altar of Qazlal.
  2422 | D:3      | Found a large runed translucent door.
  2422 | D:3      | Found a large runed translucent door.
  2426 | D:3      | Found a shimmering altar of Xom.
  2853 | D:4      | Reached skill level 6 in Axes
  2961 | D:4      | Reached *** piety under Trog
  2986 | D:4      | Found a sand-covered staircase.
  2995 | Ossuary  | Entered an ossuary
  3009 | Ossuary  | Reached XP level 6. HP: 46/47 MP: 6/6
  3266 | D:4      | Found a snail-covered altar of Cheibriados.
  3416 | D:4      | Reached skill level 7 in Axes
  3772 | D:4      | Found a broken altar of Ashenzari.
  3871 | D:4      | Gained mutation: You have a pair of antennae on your head.
                  | [demonic ancestry]
  3871 | D:4      | Reached XP level 7. HP: 52/52 MP: 7/7
  3872 | D:4      | Reached **** piety under Trog
  4178 | D:5      | Entered Level 5 of the Dungeon
  4212 | D:5      | Reached skill level 8 in Axes
  4698 | D:5      | Reached skill level 9 in Axes
  4698 | D:5      | Gained mutation: You regenerate health from kills. [demonic
                  | ancestry]
  4698 | D:5      | Reached XP level 8. HP: 58/58 MP: 8/8
  4880 | D:5      | Noticed a troll
  4892 | D:5      | Killed a troll
  4893 | D:5      | Reached skill level 10 in Axes
  5218 | D:5      | Found an ornate altar of the Wu Jian Council.
  5501 | D:5      | Reached skill level 11 in Axes
  5977 | D:5      | Gained mutation: You have a pair of large antennae on your
                  | head. (SInv) [demonic ancestry]
  5977 | D:5      | Reached XP level 9. HP: 61/63 MP: 9/9
  6329 | D:6      | Reached skill level 1 in Shields
  6425 | D:6      | Saving game... please wait.
  6603 | D:6      | Found a staircase to the Ecumenical Temple.
  6763 | Temple   | Entered the Ecumenical Temple
  7499 | D:7      | Reached ***** piety under Trog
  8036 | D:8      | Reached skill level 12 in Axes
  8601 | D:8      | Reached skill level 5 in Fighting
  8624 | D:8      | Reached XP level 10. HP: 74/74 MP: 10/10
  8974 | D:9      | Noticed an elephant
  9181 | D:9      | Noticed a deep elf pyromancer
  9196 | D:9      | Killed a deep elf pyromancer
  9430 | D:9      | Found a sacrificial altar of Ru.
  9484 | D:9      | Reached skill level 13 in Axes
  9551 | D:9      | Reached skill level 5 in Shields
  9593 | D:9      | Found a staircase to the Lair.
  9704 | D:9      | Killed an elephant
 10088 | Lair:1   | Identified the of Xoiteiptu
 10088 | Lair:1   | Entered Level 1 of the Lair of Beasts
 10357 | Lair:1   | Gained mutation: A meltable icy envelope protects you from
                  | harm. (AC +4) [demonic ancestry]
 10357 | Lair:1   | Reached XP level 11. HP: 83/83 MP: 11/11
 11014 | Lair:2   | Reached skill level 14 in Axes
 11100 | Lair:2   | Paralysed by a hornet for 2 turns
 11425 | Lair:2   | Noticed a six-headed hydra
 11436 | Lair:2   | Killed a one-headed hydra
 11473 | Lair:2   | Noticed a four-headed hydra
 11480 | Lair:2   | Killed a one-headed hydra
 11751 | Lair:2   | Reached XP level 12. HP: 63/94 MP: 12/12
 11791 | Lair:2   | Reached skill level 15 in Axes
 12283 | Lair:2   | Found a hole to the Spider Nest.
 12672 | Lair:2   | Found a staircase to the Swamp.
 12758 | Lair:2   | Noticed Urug
 12779 | Lair:2   | Killed Urug
 13173 | Lair:2   | Reached skill level 16 in Axes
 13281 | Lair:3   | Noticed Amaemon
 13293 | Lair:3   | Reached skill level 10 in Fighting
 13295 | Lair:3   | Killed Amaemon
 13579 | Lair:3   | Noticed Prince Ribbit
 13620 | Lair:3   | Killed Prince Ribbit
 13621 | Lair:3   | Gained mutation: You regenerate a lot of health from kills.
                  | [demonic ancestry]
 13621 | Lair:3   | Reached XP level 13. HP: 91/103 MP: 13/13
 14110 | Lair:3   | Received a gift from Trog
 15127 | Lair:4   | Noticed Rupert
 15134 | Lair:4   | Killed Rupert
 15135 | Lair:4   | Reached skill level 17 in Axes
 15690 | Lair:4   | Found a shimmering blue altar of Sif Muna.
 15809 | Lair:4   | Found a viscous altar of Jiyva.
 15809 | Lair:4   | Found a staircase to the Slime Pits.
 16030 | Lair:5   | Entered Level 5 of the Lair of Beasts
 16132 | Lair:5   | Reached skill level 1 in Evocations
 16166 | Lair:5   | Reached XP level 14. HP: 113/113 MP: 14/14
 16340 | Lair:5   | Received a gift from Trog
 16588 | Lair:5   | Reached skill level 10 in Shields
 17666 | D:10     | Entered Level 10 of the Dungeon
 17680 | D:10     | Noticed Erica
 17690 | D:10     | Killed Erica
 17770 | D:10     | Reached ****** piety under Trog
 17816 | D:10     | Received a gift from Trog
 18412 | D:11     | Reached skill level 5 in Armour
 18561 | D:11     | Noticed Sonja
 18571 | D:11     | Killed Sonja
 18772 | D:12     | Reached skill level 5 in Dodging
 18850 | D:12     | Reached skill level 18 in Axes
 19270 | D:12     | Identified the +5 hand axe of the Final Xalams {antimagic,
                  | rPois rC+ SInv} (Trog gifted it to you on level 12 of the
                  | Dungeon)
 19270 | D:12     | Received a gift from Trog
 19391 | D:12     | Found Kianaeveo's Distillery.
 19394 | D:12     | Found a staircase to the Orcish Mines.
 19400 | D:12     | Bought a potion of degeneration for 14 gold pieces
 19400 | D:12     | Bought 2 potions of heal wounds for 140 gold pieces
 19410 | D:12     | Noticed Fannar
 19424 | D:12     | Killed Fannar
 19659 | D:12     | Gained mutation: You have a somewhat thin skeletal
                  | structure. (Dex +2, Stealth+) [demonic ancestry]
 19659 | D:12     | Reached XP level 15. HP: 120/120 MP: 15/15
 19673 | Orc:1    | Entered Level 1 of the Orcish Mines
 19715 | Orc:2    | Entered Level 2 of the Orcish Mines
 19737 | Orc:1    | Found Kuqeenom's Assorted Antiques.
 19747 | Orc:1    | Bought a scroll of identify for 44 gold pieces
 19747 | Orc:1    | Bought a scroll of identify for 44 gold pieces
 19818 | Orc:2    | Found a staircase to the Elven Halls.
 19951 | Orc:2    | Reached skill level 5 in Evocations
 19981 | Orc:2    | Received a gift from Trog
 20338 | Orc:2    | Found Unoudar's Assorted Antiques.
 20338 | Orc:2    | Found Kimonok's Distillery.
 20340 | Orc:2    | Found Miheinux's Armour Emporium.
 20342 | Orc:2    | Found Sotwy's Magic Scroll Boutique.
 20346 | Orc:2    | Bought a scroll of teleportation for 87 gold pieces
 20346 | Orc:2    | Bought a scroll of identify for 58 gold pieces
 20350 | Orc:2    | Bought a potion of cancellation for 96 gold pieces
 20350 | Orc:2    | Bought a potion of invisibility for 96 gold pieces
 20357 | Orc:2    | Bought a scroll of identify for 26 gold pieces
 20357 | Orc:2    | Bought a scroll of identify for 26 gold pieces
 20357 | Orc:2    | Bought 3 scrolls of teleportation for 117 gold pieces
 20357 | Orc:2    | Bought a scroll of teleportation for 39 gold pieces
 20538 | Orc:1    | Noticed Erolcha
 20545 | Orc:1    | Killed Erolcha
 20898 | D:13     | Noticed Frances
 20910 | D:13     | Killed Frances
 20961 | D:13     | Found a frozen archway.
 21000 | IceCv    | Entered an ice cave
 21478 | D:13     | Noticed Snorg
 21487 | D:13     | Killed Snorg
 21512 | D:13     | Identified the +2 war axe "Eronoof" {antimagic, rN++ SInv}
                  | (Trog gifted it to you on level 13 of the Dungeon)
 21512 | D:13     | Received a gift from Trog
 21694 | D:13     | Found a gate to the Vaults.
 22452 | D:13     | Found a portal to a secret trove of treasure.
 22852 | Spider:1 | Entered Level 1 of the Spider Nest
 22962 | Spider:1 | Noticed Louise
 22968 | Spider:1 | Killed Louise
 23163 | Spider:1 | HP: 2/184 [wolf spider[a torpor snail] (9)]
 23163 | Spider:1 | Slain by a redback simulacrum

Illustrated notes

Levels and vault maps discovered:
D:1:      dpeg_arrival_round_a, layout_basic, serial_glass, glass_columns_a,
          glass_columns_c, glass_columns_c, glass_columns_a, glass_columns_c,
          glass_columns_a, glass_columns_b, glass_columns_c, item_on_display_a,
          minmay_strange_pillars, due_unseen_surprise, item_on_display_a,
          dreamdust_princess_corridor, minmay_cupped
D:2:      layout_basic, nicolae_the_louvre
D:3:      due_chaos_kobolds, layout_rooms, gammafunk_temple_overflow_claw,
          kennysheep_vampire_church, kennysheep_path_1, kennysheep_minor_cross,
          minivault_11
D:4:      layout_layer_cave, mainiacjoe_overflow_catch_the_wave, enter_ossuary_3
D:5:      kennysheep_windowed_halls, layout_basic,
          nicolae_overflow_hidden_temple, st_stairs_10
D:6:      layout_loops_cross, minmay_temple_entry_stoned_glass, serial_aquarium,
          aquarium_bridge_square [aquarium_subvault_bridge,
          aquarium_subvault_window, aquarium_subvault_window,
          aquarium_subvault_window], aquarium_window_2, aquarium_window_1,
          aquarium_view_2c, aquarium_view_2e
D:7:      layout_loops_ring
D:8:      layout_cave_pools
D:9:      layout_cross, nicolae_ru_great_annihilating_truth,
          grunt_lair_entry_orc_guard_hut
D:10:     layout_rooms, nicolae_kite_square_tiling_tiny,
          minmay_stone_trees_small, uniq_erica
D:11:     layout_roguey, uniq_sonja
D:12:     layout_basic, orc_0_dummy, serial_shops, shop, grunt_decor_one_mirror,
          minmay_diamond_spiral, uniq_fannar
D:13:     layout_layer_cave, hangedman_vaults_entry_quadrant_bands,
          portal_ice_cave_entry_animals_and_master, enter_trove_5, uniq_snorg,
          uniq_frances
Temple:   eino_temple_water
Lair:1:   layout_big_grid
Lair:2:   layout_roguey, minmay_swamp_entry_worms, spider_nest_entry_a,
          beast_lair_carwin_4, uniq_urug
Lair:3:   layout_layer_cave, chequers_serial_rivers_room_b, uniq_prince_ribbit2,
          uniq_amaemon
Lair:4:   layout_roguey, dpeg_slime_entry_enclosed, basic_altar,
          nicolae_lair_yak_garden, grunt_megastairs_5, uniq_rupert
Lair:5:   evilmike_catoblepas_cave, layout_gridlike, dreamdust_gnoll_shepherd,
          infiniplex_staircase_pool_2
Spider:1: layout_spider_delve, uniq_josephine, uniq_louise
Orc:1:    layout_diamond_mine, serial_shops, shop, kennysheep_orc_chapel,
          uniq_erolcha
Orc:2:    st_orc_rangers, layout_caves

Skill      XL: |  1  2  3  4  5  6  7  8  9 10 11 12 13 14 15 |
---------------+----------------------------------------------+-----
Axes           | 3 4 5 6 7 9 11 12 13 14 16 17 18 | 18.0
Shields        | 3 5 7 8 9 10 11 | 11.6
Fighting       | 5 6 8 10 11 12 13 | 13.1
Armour         | 3 5 7 |  7.3
Dodging        | 3 5 7 |  7.2
Evocations     | 1 4 6 |  6.9

Action                     |  1- 3 |  4- 6 |  7- 9 | 10-12 | 13-15 || total
---------------------------+-------+-------+-------+-------+-------++-------
  Melee: Hand axe          |   121 |   266 |   334 |   256 |    70 ||  1047
         Punch             |       |     4 |       |       |       ||     4
         War axe           |       |       |   184 |   403 |   280 ||   867
         Broad axe         |       |       |       |       |   772 ||   772
  Throw: Dart              |       |       |       |       |     1 ||     1
 Invoke: Berserk           |     1 |     5 |    12 |    18 |     8 ||    44
         Brothers in Arms  |       |       |     1 |       |     2 ||     3
  Evoke: Wand              |       |       |     1 |       |     4 ||     5
    Use: Scroll            |       |    12 |     2 |     4 |    12 ||    30
         Potion            |       |       |       |       |     1 ||     1
   Stab: Sleeping          |     1 |       |       |       |       ||     1
         Paralysed         |       |       |       |     2 |       ||     2
         Invisible         |       |       |       |     1 |       ||     1
         Petrified         |       |       |       |       |     4 ||     4
         Petrifying        |       |       |       |       |     2 ||     2
 Armour: Animal skin       |    15 |       |       |       |       ||    15
         Ring mail         |    46 |   143 |   254 |    15 |       ||   458
         Chain mail        |       |       |       |   540 |   423 ||   963
         Ice dragon scales |       |       |       |       |   325 ||   325
  Dodge: Dodged            |    72 |   149 |   149 |   169 |   431 ||   970
  Block: Other             |    21 |    44 |     3 |       |       ||    68
         Kite shield       |       |       |   282 |   449 |   810 ||  1541
         Tower shield      |       |       |       |       |   115 ||   115

Table legend: (Time is in decaauts)
 A = Elapsed time spent in this place.
 B = Non-inter-level travel time spent in this place.
 C = Inter-level travel time spent in this place.
 D = Time resting spent in this place.
 E = Time spent auto-exploring this place.
 F = Levels seen in this place.
 G = Mean time per level.
                   A        B        C        D        E       F      G
               +--------+--------+--------+--------+--------+-----+--------+
         Total |  23270 |  21337 |   1933 |   1782 |  15050 |  24 |  969.6 |
       Dungeon |  13603 |  12061 |   1542 |   1062 |   8616 |  13 | 1046.4 |
        Temple |      1 |      1 |      0 |      0 |      0 |   1 |    1.0 |
          Lair |   7571 |   7255 |    316 |    637 |   5108 |   5 | 1514.2 |
   Spider Nest |    303 |    303 |      0 |      0 |    198 |   1 |  303.0 |
  Orcish Mines |   1162 |   1089 |     73 |      0 |    859 |   2 |  581.0 |
       Ossuary |    279 |    279 |      0 |     82 |     87 |   1 |  279.0 |
      Ice Cave |    347 |    347 |      0 |      0 |    182 |   1 |  347.0 |
               +--------+--------+--------+--------+--------+-----+--------+

Top non-repeatable levels by time:
     D:5: 2297 daAuts
  Lair:2: 2093 daAuts
  Lair:5: 1508 daAuts
    D:13: 1445 daAuts
  Lair:3: 1408 daAuts
  Lair:4: 1282 daAuts
  Lair:1: 1277 daAuts
     D:6: 1167 daAuts
     D:4: 1161 daAuts
     D:1: 1098 daAuts
     D:2: 983 daAuts
    D:12: 960 daAuts
     D:9: 934 daAuts
     D:3: 909 daAuts
     D:7: 814 daAuts
